 Dungeon Crawl Stone Soup version 0.30-a0-778-g2ef04afb54 (webtiles) character file.

Game seed: 17947523171877455897

346 bande the Chopper (level 6, -10/38 HPs)
             Began as a Gargoyle Fighter on Feb 16, 2023.
             Was a Follower of Okawaru.
             Mangled by an ogre
             ... wielding a +0 giant club
              (16 damage)
             ... on level 5 of the Dungeon.
             The game lasted 00:04:58 (2782 turns).

bande the Chopper (Gargoyle Fighter)                Turns: 2782, Time: 00:04:59

Health: -10/38     AC: 12    Str: 20    XL:     6   Next: 59%
Magic:  7/7        EV:  9    Int:  8    God:    Okawaru [*.....]
Gold:   308        SH:  4    Dex: 11    Spells: 5/5 levels left

rFire   . . .      SeeInvis .    a - +0 war axe
rCold   . . .      Faith    .    c - +0 buckler
rNeg    + + .      Spirit   .    b - +0 scale mail
rPois   ∞          Reflect  .    (no helmet)
rElec   +          Harm     .    (no cloak)
rCorr   .          Rampage  .    (no gloves)
Will    .....                    j - +0 pair of boots Stlth
                                 g - amulet of regeneration
HPRegen 1.06/turn                f - ring of positive energy
MPRegen 0.10/turn                (no ring)

@: no status effects
A: sickness immunity, AC +4, negative energy resistance 1, electricity
resistance, torment resistance 1, petrification resistance
a: Renounce Religion, Heroism


You were on level 5 of the Dungeon.
You worshipped Okawaru.
Okawaru was aware of your devotion.
You visited 1 branch of the dungeon, and saw 5 of its levels.

You collected 308 gold pieces.

Inventory:

Hand Weapons
 a - a +0 war axe (weapon)
Armour
 b - a +0 scale mail (worn)
 c - a +0 buckler (worn)
 j - a +0 pair of boots (worn)
Jewellery
 f - a ring of positive energy (left hand)
 g - an amulet of regeneration (around neck)
Scrolls
 m - a scroll of blinking {unknown}
 o - a scroll of vulnerability
 p - 2 scrolls of teleportation
Potions
 d - a potion of might
 e - 2 potions of curing
 h - 2 potions of ambrosia {unknown}
 i - a potion of magic {unknown}
 k - a potion of heal wounds {unknown}
 l - a potion of mutation {unknown}
 n - a potion of cancellation {unknown}
 q - a potion of flight {unknown}


   Skills:
 + Level 4.0 Fighting
 + Level 4.6 Axes
 + Level 3.9 Armour
 + Level 3.9 Shields
 * Level 2.5 Invocations


You had 5 spell levels left.
You didn't know any spells.
Your spell library contained the following spells:

 Spells                   Type           Power      Damage    Failure   Level
 Beastly Appendage        Tmut           0%         N/A       85%         1
 Freeze                   Ice            0%         1d3       85%         1
 Wereblood                Tmut           0%         N/A       94%         2
 Frozen Ramparts          Ice            0%         1d1       99%         3
 Hailstorm                Conj/Ice       0%         3d3       99%         3
 Spider Form              Tmut/Pois      0%         N/A       99%         3


Dungeon Overview and Level Annotations

Branches:
Dungeon (5/15)
 Temple: D:4-7

Altars:
Ashenzari
Kikubaaqudgha
Okawaru


Innate Abilities, Weirdness & Mutations

You are immune to sickness and miasma.
Your stone body is resilient. (AC +4)
You are immune to poison.
You resist negative energy. (rN+)
You are resistant to electric shocks. (rElec)
You are resistant to unholy torment.
You are immune to petrification.


Message History

a +0 spear; a +0 club
Things that are here:
a +0 flail; a gnoll corpse
Found a stone staircase leading up.
Found a trident.
q - a fizzy emerald potion An ogre comes into view.
It is wielding a +0 giant club.
The ogre shouts!
The ogre hits you with a +0 giant club!!
Ouch! That really hurt!
You are too injured to fight recklessly!
You are too injured to fight recklessly!
You are too injured to fight recklessly!
You are too injured to fight recklessly!
You are too injured to fight recklessly!
You are too injured to fight recklessly!
You are too injured to fight recklessly!
You are too injured to fight recklessly!
You are too injured to fight recklessly!
You are too injured to fight recklessly!
You hit the ogre.
The ogre is lightly wounded.
You block the ogre's attack.
You barely miss the ogre.
The ogre is lightly wounded.
The ogre barely misses you.
You hit the ogre.
The ogre is lightly wounded.
The ogre hits you with a +0 giant club!!
Ouch! That really hurt!
* * * LOW HITPOINT WARNING * * *
You slash the ogre!
The ogre is heavily wounded.
You slash the ogre!
The ogre is almost dead.
The ogre barely misses you.
You barely miss the ogre.
The ogre is almost dead.
The ogre hits you with a +0 giant club!
You die...

...# #.###.##..#.##.# ##.#
#.# #.##..#.##.#
##.###)###.##..#.##.#
##.............#.##.#######
######.###.###............#
#.. ..# #..........#####.#
..# ### #######.####### <..
#........ ### #@......# #
.......O.####.# #
#####....# #..... #..#.##
#.. .# #.. .# #.. .#


You could see an ogre.

Vanquished Creatures
  An ice beast (D:5)
  A hound (D:4)
  A jelly (D:4)
  5 adders
  4 gnolls (D:5)
  2 shadow imps
  2 worms
  4 dart slugs
  13 endoplasms
  5 giant cockroaches
  9 goblins
  5 hobgoblins
  A jackal (D:4)
  8 kobolds
  3 quokkas
  4 ball pythons
  3 bats
  7 frilled lizards
  4 rats
82 creatures vanquished.

Notes
Turn   | Place    | Note
-------+----------+-------------------------------------------
     0 | D:1      | bande the Gargoyle Fighter began the quest for the Orb.
     0 | D:1      | Reached XP level 1. HP: 14/14 MP: 1/1
    88 | D:1      | Reached XP level 2. HP: 19/19 MP: 2/2
   773 | D:2      | Reached XP level 3. HP: 23/23 MP: 3/3
   829 | D:2      | Found an iron altar of Okawaru.
   847 | D:2      | Became a worshipper of Warmaster Okawaru
  1071 | D:2      | Reached skill level 1 in Invocations
  1071 | D:2      | Reached XP level 4. HP: 28/28 MP: 4/4
  1904 | D:3      | Found a broken altar of Ashenzari.
  1904 | D:3      | Found an ancient bone altar of Kikubaaqudgha.
  2093 | D:4      | Reached XP level 5. HP: 33/33 MP: 4/6
  2503 | D:5      | Entered Level 5 of the Dungeon
  2505 | D:5      | Noticed an ice beast
  2520 | D:5      | Killed an ice beast
  2520 | D:5      | Reached * piety under Okawaru
  2521 | D:5      | Reached XP level 6. HP: 38/38 MP: 7/7
  2782 | D:5      | Mangled by an ogre

Illustrated notes

Levels and vault maps discovered:
D:1:      doesnt_arrival_eight_statues, layout_loops_ring
D:2:      layout_basic, basic_altar, minmay_misc_feat_alley, minivault_26,
          dreamdust_mushroom_princess
D:3:      layout_loops_ring, gammafunk_temple_overflow_statue
D:4:      layout_rooms, minmay_quadrilaterals
D:5:      layout_loops_ring, doesnt_xom_only_xom

Skill      XL: |  1  2  3  4  5 |
---------------+----------------+-----
Axes           | 2 3 4 |  4.6
Invocations    | 1 2 |  2.5
Fighting       | 4 |  4.0
Armour         | |  3.9
Shields        | |  3.9

Action                     |  1- 3 |  4- 6 || total
---------------------------+-------+-------++-------
  Melee: War axe           |   131 |   172 ||   303
    Use: Scroll            |       |     5 ||     5
 Armour: Scale mail        |    83 |    84 ||   167
  Dodge: Dodged            |    65 |    85 ||   150
  Block: Buckler           |    30 |    45 ||    75

Table legend: (Time is in decaauts)
 A = Elapsed time spent in this place.
 B = Non-inter-level travel time spent in this place.
 C = Inter-level travel time spent in this place.
 D = Time resting spent in this place.
 E = Time spent auto-exploring this place.
 F = Levels seen in this place.
 G = Mean time per level.
                   A        B        C        D        E       F      G
               +--------+--------+--------+--------+--------+-----+--------+
         Total |   2896 |   2829 |     67 |    111 |   1953 |   5 |  579.2 |
       Dungeon |   2896 |   2829 |     67 |    111 |   1953 |   5 |  579.2 |
               +--------+--------+--------+--------+--------+-----+--------+

Top non-repeatable levels by time:
     D:1: 763 daAuts
     D:2: 686 daAuts
     D:3: 598 daAuts
     D:4: 556 daAuts
     D:5: 291 daAuts
